 Dungeon Crawl Stone Soup version 0.27.1 (webtiles) character file.

Game seed: 11523458777601672465

215 GameOver the Conjurer (level 5, 0/42 HPs)
             Began as a Naga Hedge Wizard on Sept 3, 2021.
             Slain by a gnoll (2 damage)
             ... on level 4 of the Dungeon.
             The game lasted 00:12:08 (1777 turns).

GameOver the Conjurer (Naga Hedge Wizard)           Turns: 1777, Time: 00:12:10

Health: 0/42       AC:  6    Str: 12    XL:     5   Next: 92%
Magic:  3/9        EV:  7    Int: 15    God:
Gold:   71         SH:  0    Dex: 11    Spells: 4/10 levels left

rFire    . . .     SeeInvis +   w - +0 short sword
rCold    . . .     Faith    .   (no shield)
rNeg     . . .     Spirit   .   b - +0 robe
rPois    +         Reflect  .   c - +0 hat
rElec    .         Harm     .   (no cloak)
rCorr    .         Rampage  .   (no gloves)
Will     .....                  a - +0 barding
Stlth    ++........             (no amulet)
HPRegen  0.14/turn              (no ring)
MPRegen  0.11/turn              (no ring)

@: brilliant, lethally poisoned (0 -> -11), hasted, quick
A: AC +1, large, see invisible, deformed body, poison resistance, slowness 2,
spit poison 1, naga tail 1
a: Spit Poison


You were on level 4 of the Dungeon.
You visited 1 branch of the dungeon, and saw 4 of its levels.

You collected 71 gold pieces.

Inventory:

Hand Weapons
 q - a +1 hunting sling of freezing
 s - a +0 spear
 w - a +0 short sword (weapon)
Armour
 a - a +0 barding (worn)
 b - a +0 robe (worn)
 c - a +0 hat (worn)
 j - a +0 leather armour
Scrolls
 f - a scroll of vulnerability {unknown}
 g - 2 scrolls of amnesia {unknown}
 h - 4 scrolls of identify {unknown}
 i - 3 scrolls of teleportation {unknown}
 k - a scroll of noise {unknown}
 m - 2 scrolls of enchant armour {unknown}
 n - a scroll of blinking {unknown}
Potions
 d - a potion of brilliance
 e - a potion of heal wounds
 o - a potion of invisibility {unknown}


   Skills:
 - Level 1.5 Dodging
 - Level 3.0 Stealth
 - Level 3.0 Spellcasting
 + Level 5.6 Conjurations
 - Level 1.0 Summonings
 - Level 1.0 Translocations


You had 4 spell levels left.
You knew the following spells:

 Your Spells              Type           Power      Damage    Failure   Level
a - Magic Dart            Conj           100%       1d8       1%          1
b - Blink                 Tloc           N/A        N/A       21%         2
d - Mephitic Cloud        Conj/Pois/Air  11%        N/A       28%         3

Your spell library contained the following spells:

 Spells                   Type           Power      Damage    Failure   Level
 Conjure Flame            Conj/Fire      16%        6-21      19%         3
 Call Imp                 Summ           7%         N/A       21%         2
 Slow                     Hex            3%         N/A       30%         2


Dungeon Overview and Level Annotations

Branches:
Dungeon (4/15)
 Temple: D:4-7

Altars:
Gozag

Annotations:
D:3 Grinder
D:4 Pikel


Innate Abilities, Weirdness & Mutations

Your serpentine skin is tough. (AC +1)
You have supernaturally acute eyesight. (SInv)
Armour fits poorly on your strangely shaped body.
Your system is resistant to poisons. (rPois)
You cover ground very slowly.
You can spit poison.
You have a snake-like lower body.


Message History

The gnoll hits you from afar with a +1 halberd of flaming!
The gnoll burns you.
The lemure barely misses the lemure.
The lemure closely misses itself.
The lemure hits you.
Unknown command.
Casting: Mephitic Cloud (quite dangerous; 28% risk of failure)
Confirm with . or Enter, or press ? or * to list all spells.
The spell is quite dangerous to cast (28% risk of failure)!
Continue anyway?
Okay, then.
The goblin hits you with a +1 dagger of venom.
* * * LOW HITPOINT WARNING * * *
You are lethally poisoned!
The gnoll hits you from afar with a +1 halberd of flaming!
* * * LOW HITPOINT WARNING * * *
The gnoll burns you.
* * * LOW HITPOINT WARNING * * *
You feel much better.
You feel very sick.
The gnoll shouts!
Pikel shouts, "YES!"
Pikel closely misses the goblin.
The lemure hits you but does no damage. The giant cockroach barely misses you.
The goblin hits you but does no damage.
You are more poisoned.
The gnoll hits you from afar with a +1 halberd of flaming!
* * * LOW HITPOINT WARNING * * *
The gnoll burns you.
* * * LOW HITPOINT WARNING * * *
Unknown command.
It was a potion of haste.
You feel yourself speed up.
* * * LOW HITPOINT WARNING * * *
You feel very sick.
Pikel hits the goblin with a +0 whip of freezing!
Pikel freezes the goblin.
The goblin is killed!
The giant cockroach bites you but does no damage.
The lemure hits you.
* * * LOW HITPOINT WARNING * * *
The gnoll hits you from afar with a +1 halberd of flaming.
* * * LOW HITPOINT WARNING * * *
The gnoll burns you.
You die...

#...................#
#...................#
#...................# ..
#...................# .)
#.............).....#
#'#####..5...###..###).###
#....##.K....###..###.)### #.
#.......B)........'....#.. #..
#.....5g5@.......(#....#.. ..
#.................#....#<. ..
#........(........#....'.. #.
###.g##...##.####.####.###
##.####..##...##.####.########
#....g...................#....
#...._...................#....
#........................#....
#..#.#..##....##.#..#.####...#


You could see Pikel (confused, poisoned), 3 lemures, 2 gnolls and a giant
cockroach.

Vanquished Creatures
  A bullfrog zombie (D:3)
  An iguana (D:4)
  Terence (D:3)
  Jessica (D:3)
  A hound skeleton (D:4)
  2 adders (D:4)
  A gnoll (D:4)
  2 adder skeletons (D:4)
  2 worms (D:2)
  A dart slug (D:2)
  3 orcs (D:4)
  3 ball pythons
  3 endoplasms
  6 giant cockroaches
  3 goblins
  4 hobgoblins
  5 kobolds
  2 quokkas
  3 bats
  4 frilled lizards
  6 rats
55 creatures vanquished.

Notes
Turn   | Place    | Note
-------+----------+-------------------------------------------
     0 | D:1      | GameOver the Naga Hedge Wizard began the quest for the Orb.
     0 | D:1      | Reached XP level 1. HP: 15/15 MP: 4/4
   250 | D:1      | Found a faded altar of an unknown god.
   266 | D:1      | Reached skill level 2 in Conjurations
   266 | D:1      | Reached XP level 2. HP: 22/22 MP: 4/6
   594 | D:2      | Reached XP level 3. HP: 28/28 MP: 7/7
   597 | D:2      | Learned a level 2 spell: Blink
   601 | D:2      | Learned a level 3 spell: Mephitic Cloud
   686 | D:2      | Reached skill level 3 in Conjurations
  1183 | D:3      | Noticed Terence
  1252 | D:3      | Noticed Jessica
  1262 | D:3      | Killed Jessica
  1263 | D:3      | Reached skill level 4 in Conjurations
  1263 | D:3      | Reached XP level 4. HP: 28/36 MP: 6/8
  1381 | D:3      | Killed Terence
  1382 | D:3      | Reached XP level 5. HP: 33/42 MP: 3/9
  1413 | D:3      | Noticed Grinder
  1456 | D:4      | Reached skill level 5 in Conjurations
  1636 | D:4      | Found an opulent altar of Gozag.
  1756 | D:4      | Noticed Pikel
  1760 | D:4      | Noticed a lemure
  1760 | D:4      | Noticed a lemure
  1762 | D:4      | Noticed a lemure
  1773 | D:4      | HP: 2/42 [Pikel (1)]
  1777 | D:4      | Slain by a gnoll

Illustrated notes

Levels and vault maps discovered:
D:1:      psy_arrival_conway, layout_basic, hellmonk_ecumenical_altar_run_dry
D:2:      layout_loops_ring
D:3:      layout_rooms, uniq_jessica, uniq_grinder, uniq_terence, uniq_robin
D:4:      layout_gridville, nicolae_gozag_seed_capital, minmay_ruptured,
          uniq_blork_the_orc, uniq_pikel

Skill      XL: |  1  2  3  4  5 |
---------------+----------------+-----
Conjurations   | 2 4 5 |  5.6
Dodging        | |  1.5
Stealth        | |  3.0
Spellcasting   | |  3.0
Summonings     | |  1.0
Translocations | |  1.0

Action                   |  1- 3 |  4- 6 || total
-------------------------+-------+-------++-------
Melee: Dagger            |     4 |       ||     4
       Spear             |     3 |    21 ||    24
       Short sword       |       |     5 ||     5
 Cast: Magic Dart        |    44 |    32 ||    76
       Mephitic Cloud    |       |     4 ||     4
 Abil: Spit Poison       |    46 |    15 ||    61
  Use: Potion            |       |     4 ||     4
 Stab: Sleeping          |     1 |       ||     1
       Confused          |       |     2 ||     2
Armor: Robe              |     6 |    26 ||    32
Dodge: Dodged            |    12 |    12 ||    24
